 Dungeon Crawl Stone Soup version 0.30-a0-263-ge22c4ad894 (webtiles) character file.

Game seed: 2736093837660923396

16 glaedl the Caller (level 2, -1/19 HPs)
             Began as a Merfolk Summoner on Oct 14, 2022.
             Slain by a gnoll
             ... wielding a +0 whip
              (2 damage)
             ... on level 1 of the Dungeon.
             The game lasted 00:03:00 (565 turns).

glaedl the Caller (Merfolk Summoner)                 Turns: 565, Time: 00:03:00

Health: -1/19      AC:  2    Str:  8    XL:     2   Next: 54%
Magic:  5/5        EV: 13    Int: 14    God:
Gold:   17         SH:  0    Dex: 14    Spells: 4/5 levels left

rFire   . . .      SeeInvis .    k - +0 sling
rCold   . . .      Faith    .    i - orb {mayhem}
rNeg    . . .      Spirit   .    a - +0 robe
rPois   .          Reflect  .    (no helmet)
rElec   .          Harm     .    (no cloak)
rCorr   .          Rampage  .    (no gloves)
Will    .....                    (no boots)
Stlth   ++........               f - amulet of magic regeneration
HPRegen 0.23/turn                (no ring)
MPRegen 0.49/turn                (no ring)

@: no status effects
A: (nimble swimmer 2), mertail
a: no special abilities


You were on level 1 of the Dungeon.
You visited 1 branch of the dungeon, and saw 1 of its levels.

You collected 17 gold pieces.

Inventory:

Hand Weapons
 k - a +0 sling (weapon)
Armour
 a - a +0 robe (worn)
 i - an orb of mayhem (worn)
Jewellery
 f - an amulet of magic regeneration (around neck)
 j - a ring of see invisible
Scrolls
 c - a scroll of enchant armour {unknown}
 g - a scroll of blinking {unknown}
 h - a scroll of identify {unknown}
Potions
 b - a potion of magic
 d - a potion of brilliance {unknown}
 e - a potion of flight {unknown}


   Skills:
 + Level 3.0 Dodging
 + Level 2.5 Stealth
 + Level 2.2 Spellcasting
 * Level 4.2 Summonings


You had 4 spell levels left.
You knew the following spells:

 Your Spells              Type           Power      Damage    Failure   Level
a - Summon Small Mammal   Summ           52%        N/A       4%          1

Your spell library contained the following spells:

 Spells                   Type           Power      Damage    Failure   Level
 Call Imp                 Summ           13%        N/A       6%          2
 Call Canine Familiar     Summ           13%        N/A       12%         3
 Summon Guardian Golem    Hex/Summ       7%         N/A       28%         3
 Summon Lightning Spire   Summ/Air       7%         N/A       67%         4


Dungeon Overview and Level Annotations

Branches:
Dungeon (1/15)

Altars:


Innate Abilities, Weirdness & Mutations

((You are very nimble when in or above water. (Stealth+, EV+, Speed+++)))
Your lower body shifts to a powerful aquatic tail in water.


Message History

Press: ? - help, Shift-Dir - straight line, f/p - rat
Aim: a rat (moderately wounded, ally target, 54% to hit)
You shoot a sling bullet.
The sling bullet closely misses the rat.
The rat bites you.
The gnoll hits your quokka with a +0 whip.
Your quokka bites the rat but does no damage.
The rat bites you. The gnoll barely misses your quokka.
You shoot a sling bullet. The sling bullet hits the rat.
You kill the rat!
Your quokka barely misses the gnoll.
The gnoll hits your quokka with a +0 whip.
Your quokka dies!
Your quokka's corpse disappears in a puff of smoke!
Unknown command.
You shoot a sling bullet.
The sling bullet hits the gnoll but does no damage.
Your bat barely misses the gnoll. x2; The gnoll hits you with a +0 whip.
The gnoll hits you with a +0 whip.
You are too injured to fight recklessly!
You shoot a sling bullet. The sling bullet hits the gnoll.
The gnoll is moderately wounded.
Your bat hits the gnoll but does no damage.
The gnoll barely misses you.
Your bat hits the gnoll but does no damage.
The gnoll barely misses you.
You shoot a sling bullet.
The sling bullet closely misses the gnoll.
Your bat hits the gnoll but does no damage.
Your rat bites the gnoll but does no damage.
The gnoll misses you.
You shoot a sling bullet.
The sling bullet barely misses the gnoll.
Your bat hits the gnoll but does no damage.
Your rat bites the gnoll but does no damage.
The gnoll hits you with a +0 whip.
* * * LOW HITPOINT WARNING * * *
Your rat bites the gnoll but does no damage.
The gnoll hits you with a +0 whip.
You die...

..# #.# #.# #.# ### #.#.#
#.# #.# #.#.# #.# #.#
#.#.####.# #)# #.#......#
#.# #.######## #.# #.#...
#.# ###########.#.######.#..
#.#
.............>..@..b.....#.#
#####.#####.#...gr...##..#.#
............#.#....####..#.#
#########........#.#.....#[#
........##'###...#.......#.#
.⌠..........###......#####.#
..........⌠..[##...........#
......⌠........##.##########
....)...........#......#


You could see a gnoll (ally target), a friendly bat (summoned) and a friendly
rat (summoned).

Vanquished Creatures
  A ball python (D:1)
  A hobgoblin (D:1)
  A bat (D:1)
  2 rats (D:1)
5 creatures vanquished.

Vanquished Creatures (collateral kills)
  A dart slug (D:1)
  A bat (D:1)
  A giant cockroach (D:1)
  2 frilled lizards (D:1)
  2 goblins (D:1)
  2 kobolds (D:1)
9 creatures vanquished.

Grand Total: 14 creatures vanquished

Notes
Turn   | Place    | Note
-------+----------+-------------------------------------------
     0 | D:1      | glaedl the Merfolk Summoner began the quest for the Orb.
     0 | D:1      | Reached XP level 1. HP: 13/13 MP: 3/3
   282 | D:1      | Reached XP level 2. HP: 19/19 MP: 5/5
   565 | D:1      | Slain by a gnoll

Illustrated notes

Levels and vault maps discovered:
D:1:      dpeg_arrival_water_temple_mockup, layout_basic

Skill      XL: |  1  2 |
---------------+-------+-----
Dodging        | 3 |  3.0
Stealth        | |  2.5
Spellcasting   | |  2.2
Summonings     | |  4.2

Action                   || total
-------------------------++-------
Melee: Unarmed           ||    28
 Fire: Sling             ||     9
 Cast: Summon Small Mamm ||    17
 Stab: Distracted        ||     1
Armor: Robe              ||     5
Dodge: Dodged            ||    32

Table legend: (Time is in decaauts)
 A = Elapsed time spent in this place.
 B = Non-inter-level travel time spent in this place.
 C = Inter-level travel time spent in this place.
 D = Time resting spent in this place.
 E = Time spent auto-exploring this place.
 F = Levels seen in this place.
 G = Mean time per level.
                   A        B        C        D        E       F      G
               +--------+--------+--------+--------+--------+-----+--------+
         Total |    567 |    567 |      0 |      0 |    355 |   1 |  567.0 |
       Dungeon |    567 |    567 |      0 |      0 |    355 |   1 |  567.0 |
               +--------+--------+--------+--------+--------+-----+--------+

Top non-repeatable levels by time:
     D:1: 567 daAuts
